Workbook

Sheet RENDIMENTO VS. DESPESAS
A1: PAINEL ORÇAMENTAL MENSAL
G2: Rótulos de linha | H2: ORÇAMENTO TOTAL | I2: Soma dos valores reais
G3: CONTAS DE SERVIÇOS PÚBLICOS | H3: 5000 | I3: 4000
A4: RESTA PARA GASTAR | B4: RECEITA | C4: DESPESA | D4: DEIXADO PARA O ORÇAMENTO | G4: Isto | H4: 800 | I4: 450
A5: =+B5-C5 -> 3500 | B5: =+'Receitas e transações'!E22 -> 4000 | C5: =+'Receitas e transações'!I266 -> 500 | D5: =+'Receitas e transações'!D22-'RENDIMENTO VS. DESPESAS'!B14 -> -9300 | G5: Despesas | H5: 7000 | I5: 4000
G6: Poupe dinheiro | H6: 1500 | I6: 1200
A7: VISÃO GERAL DAS DESPESAS | G7: Total | H7: 14300 | I7: 9650
G8: Total geral | H8: 28600 | I8: 19300
A9: NOMES DAS DEMONSTRAÇÕES FINANCEIRAS | B9: ORÇAMENTO | C9: ATUALIDADE | D9: DIFERENÇAS.
A10: CONTAS DE SERVIÇOS PÚBLICOS | B10: =+'FATURAS E DESPESAS'!D22 -> 5000 | C10: =+'FATURAS E DESPESAS'!E22 -> 4000 | D10: =+'FATURAS E DESPESAS'!F22 -> 1000
A11: Custo | B11: =+'FATURAS E DESPESAS'!I22 -> 7000 | C11: =+'FATURAS E DESPESAS'!J22 -> 4000 | D11: =+'FATURAS E DESPESAS'!K22 -> 3000
A12: Poupe dinheiro | B12: =+'POUPANÇA E DÍVIDAS.'!D22 -> 1500 | C12: =+'POUPANÇA E DÍVIDAS.'!E22 -> 1200 | D12: =+'POUPANÇA E DÍVIDAS.'!F22 -> 300
A13: Isto | B13: =+'POUPANÇA E DÍVIDAS.'!I22 -> 800 | C13: 800 | D13: =+'POUPANÇA E DÍVIDAS.'!K22 -> 350
A14: Total | B14: =SUM(B10:B13) -> 14300 | C14: =SUM(C10:C13) -> 10000 | D14: =SUM(D10:D13) -> 4650

Sheet FATURAS E DESPESAS
A1: DETALHES SOBRE FATURAS E DESPESAS
A4: DETALHES DA FATURA | H4: CUSTO
A5: NOMES DAS FATURAS | B5: Column1 | C5: DOIS | D5: ORÇAMENTO | E5: ATUALIDADE | F5: DIFERENÇAS. | H5: NOMES DAS EMISSÕES | I5: ORÇAMENTO | J5: ATUALIDADE | K5: DIFERENÇAS.
A6: DEPOIS | D6: 5000 | E6: 4000 | F6: =IF(A6="","",D6-E6) -> 1000 | H6: Alimentação | I6: 4000 | J6: 2000 | K6: =IF(H6="","",I6-J6) -> 2000
E7: =IF(B7="","",SUMIF($F$38:$F$998,B7,#REF!)) | F7: =IF(A7="","",D7-E7) | H7: Vai ao restaurante | I7: 3000 | J7: 2000 | K7: =IF(H7="","",I7-J7) -> 1000
E8: =IF(B8="","",SUMIF($F$38:$F$998,B8,#REF!)) | F8: =IF(A8="","",D8-E8) | H8: Combustível | I8: 0 | J8: =IF(H8="","",SUMIF($G$38:$G$998,$I8,$D$38:$D$998)) -> 0 | K8: =IF(H8="","",I8-J8) -> 0
E9: =IF(B9="","",SUMIF($F$38:$F$998,B9,#REF!)) | F9: =IF(A9="","",D9-E9) | H9: Apresentador | I9: 0 | J9: =IF(H9="","",SUMIF($G$38:$G$998,$I9,$D$38:$D$998)) -> 0 | K9: =IF(H9="","",I9-J9) -> 0
E10: =IF(B10="","",SUMIF($F$38:$F$998,B10,#REF!)) | F10: =IF(A10="","",D10-E10) | H10: Casa | I10: 0 | J10: =IF(H10="","",SUMIF($G$38:$G$998,$I10,$D$38:$D$998)) -> 0 | K10: =IF(H10="","",I10-J10) -> 0
E11: =IF(B11="","",SUMIF($F$38:$F$998,B11,#REF!)) | F11: =IF(A11="","",D11-E11) | H11: Presentes | I11: 0 | J11: =IF(H11="","",SUMIF($G$38:$G$998,$I11,$D$38:$D$998)) -> 0 | K11: =IF(H11="","",I11-J11) -> 0
E12: =IF(B12="","",SUMIF($F$38:$F$998,B12,#REF!)) | F12: =IF(A12="","",D12-E12) | H12: Animais | I12: 0 | J12: =IF(H12="","",SUMIF($G$38:$G$998,$I12,$D$38:$D$998)) -> 0 | K12: =IF(H12="","",I12-J12) -> 0
E13: =IF(B13="","",SUMIF($F$38:$F$998,B13,#REF!)) | F13: =IF(A13="","",D13-E13) | H13: Saúde/Medicina | I13: 0 | J13: =IF(H13="","",SUMIF($G$38:$G$998,$I13,$D$38:$D$998)) -> 0 | K13: =IF(H13="","",I13-J13) -> 0
E14: =IF(B14="","",SUMIF($F$38:$F$998,B14,#REF!)) | F14: =IF(A14="","",D14-E14) | H14: Edição Personalizada 1 | I14: 0 | J14: =IF(H14="","",SUMIF($G$38:$G$998,$I14,$D$38:$D$998)) -> 0 | K14: =IF(H14="","",I14-J14) -> 0
E15: =IF(B15="","",SUMIF($F$38:$F$998,B15,#REF!)) | F15: =IF(A15="","",D15-E15) | H15: Edição Personalizada 2 | I15: 0 | J15: =IF(H15="","",SUMIF($G$38:$G$998,$I15,$D$38:$D$998)) -> 0 | K15: =IF(H15="","",I15-J15) -> 0
E16: =IF(B16="","",SUMIF($F$38:$F$998,B16,#REF!)) | F16: =IF(A16="","",D16-E16) | H16: Edição Personalizada 3 | I16: 0 | J16: =IF(H16="","",SUMIF($G$38:$G$998,$I16,$D$38:$D$998)) -> 0 | K16: =IF(H16="","",I16-J16) -> 0
E17: =IF(B17="","",SUMIF($F$38:$F$998,B17,#REF!)) | F17: =IF(A17="","",D17-E17) | H17: Edição Personalizada 4 | I17: 0 | J17: =IF(H17="","",SUMIF($G$38:$G$998,$I17,$D$38:$D$998)) -> 0 | K17: =IF(H17="","",I17-J17) -> 0
E18: =IF(B18="","",SUMIF($F$38:$F$998,B18,#REF!)) | F18: =IF(A18="","",D18-E18) | H18: Edição Personalizada 5 | I18: 0 | J18: =IF(H18="","",SUMIF($G$38:$G$998,$I18,$D$38:$D$998)) -> 0 | K18: =IF(H18="","",I18-J18) -> 0
E19: =IF(B19="","",SUMIF($F$38:$F$998,B19,#REF!)) | F19: =IF(A19="","",D19-E19) | H19: Edição Personalizada 6 | I19: 0 | J19: =IF(H19="","",SUMIF($G$38:$G$998,$I19,$D$38:$D$998)) -> 0 | K19: =IF(H19="","",I19-J19) -> 0
... E21: =IF(B21="","",SUMIF($F$38:$F$998,B21,#REF!)) | F21: =IF(A21="","",D21-E21) | H21: Edição Personalizada 8 | I21: 0 | J21: =IF(H21="","",SUMIF($G$38:$G$998,$I21,$D$38:$D$998)) -> 0 | K21: =IF(H21="","",I21-J21) -> 0
A22: TOTAL | D22: =SUM(D5:D21) -> 5000 | E22: =SUM(E5:E21) -> 4000 | F22: =IF(A22="","",D22-E22) -> 1000 | H22: TOTAL | I22: =SUM(I5:I21) -> 7000 | J22: =SUM(J5:J21) -> 4000 | K22: =SUM(K5:K21) -> 3000

Sheet Receitas e transações
A1: DADOS DE RECEITA E ACOMPANHAMENTO DE TRANSAÇÕES
A4: Detalhes da vitória | G4: TRACKER DELLE TRANSAZIONI
A5: DESCRIÇÃO DO RENDIMENTO | B5: Column1 | C5: Data | D5: Início | E5: NOTÍCIAS | G5: Data | H5: Nome do Orçamento | I5: Quantidade | J5: Descrição
A6: XYZ | C6: 45889 | D6: 5000 | E6: 4000 | G6: 45889 | H6: ABC | I6: 500 | J6: Ordem
E7: =IF(B7="","",SUMIF(#REF!,B7,#REF!))
E8: =IF(B8="","",SUMIF(#REF!,B8,#REF!)) | I8: =IF(G8="","",SUMIF($F$38:$F$998,$H8,$D$38:$D$998))
E9: =IF(B9="","",SUMIF(#REF!,B9,#REF!)) | I9: =IF(G9="","",SUMIF($F$38:$F$998,$H9,$D$38:$D$998))
E10: =IF(B10="","",SUMIF(#REF!,B10,#REF!)) | I10: =IF(G10="","",SUMIF($F$38:$F$998,$H10,$D$38:$D$998))
E11: =IF(B11="","",SUMIF(#REF!,B11,#REF!)) | I11: =IF(G11="","",SUMIF($F$38:$F$998,$H11,$D$38:$D$998))
E12: =IF(B12="","",SUMIF(#REF!,B12,#REF!)) | I12: =IF(G12="","",SUMIF($F$38:$F$998,$H12,$D$38:$D$998))
E13: =IF(B13="","",SUMIF(#REF!,B13,#REF!)) | I13: =IF(G13="","",SUMIF($F$38:$F$998,$H13,$D$38:$D$998))
E14: =IF(B14="","",SUMIF(#REF!,B14,#REF!)) | I14: =IF(G14="","",SUMIF($F$38:$F$998,$H14,$D$38:$D$998))
E15: =IF(B15="","",SUMIF(#REF!,B15,#REF!)) | I15: =IF(G15="","",SUMIF($F$38:$F$998,$H15,$D$38:$D$998))
E16: =IF(B16="","",SUMIF(#REF!,B16,#REF!)) | I16: =IF(G16="","",SUMIF($F$38:$F$998,$H16,$D$38:$D$998))
E17: =IF(B17="","",SUMIF(#REF!,B17,#REF!)) | I17: =IF(G17="","",SUMIF($F$38:$F$998,$H17,$D$38:$D$998))
E18: =IF(B18="","",SUMIF(#REF!,B18,#REF!)) | I18: =IF(G18="","",SUMIF($F$38:$F$998,$H18,$D$38:$D$998))
E19: =IF(B19="","",SUMIF(#REF!,B19,#REF!)) | I19: =IF(G19="","",SUMIF($F$38:$F$998,$H19,$D$38:$D$998))
... E21: =IF(B21="","",SUMIF(#REF!,B21,#REF!)) | I21: =IF(G21="","",SUMIF($F$38:$F$998,$H21,$D$38:$D$998))
A22: TOTAL | D22: =SUM(D5:D21) -> 5000 | E22: =SUM(E5:E21) -> 4000
G266: TOTAL | I266: =SUBTOTAL(109,I6:I265) -> 500

Sheet POUPANÇA E DÍVIDAS.
A1: ARMAZENAMENTO E DETALHES DE ARMAZENAMENTO
A4: DETALHES DO SAVE | H4: ISTO
A5: NOMES DAS FATURAS | B5: Column1 | C5: DOIS | D5: ORÇAMENTO | E5: ATUALIDADE | F5: DIFERENÇAS. | H5: NOMES DAS EMISSÕES | I5: ORÇAMENTO | J5: ATUALIDADE | K5: DIFERENÇAS.
A6: DPS | D6: 1500 | E6: 1200 | F6: =IF(A6="","",D6-E6) -> 300 | H6: DCP | I6: 800 | J6: 450 | K6: =IF(H6="","",I6-J6) -> 350
E7: =IF(B7="","",SUMIF($F$38:$F$998,B7,#REF!)) | F7: =IF(A7="","",D7-E7) | K7: =IF(H7="","",I7-J7)
E8: =IF(B8="","",SUMIF($F$38:$F$998,B8,#REF!)) | F8: =IF(A8="","",D8-E8) | K8: =IF(H8="","",I8-J8)
E9: =IF(B9="","",SUMIF($F$38:$F$998,B9,#REF!)) | F9: =IF(A9="","",D9-E9) | K9: =IF(H9="","",I9-J9)
E10: =IF(B10="","",SUMIF($F$38:$F$998,B10,#REF!)) | F10: =IF(A10="","",D10-E10) | K10: =IF(H10="","",I10-J10)
E11: =IF(B11="","",SUMIF($F$38:$F$998,B11,#REF!)) | F11: =IF(A11="","",D11-E11) | J11: =IF(H11="","",SUMIF($G$38:$G$998,$I11,$D$38:$D$998)) | K11: =IF(H11="","",I11-J11)
E12: =IF(B12="","",SUMIF($F$38:$F$998,B12,#REF!)) | F12: =IF(A12="","",D12-E12) | J12: =IF(H12="","",SUMIF($G$38:$G$998,$I12,$D$38:$D$998)) | K12: =IF(H12="","",I12-J12)
E13: =IF(B13="","",SUMIF($F$38:$F$998,B13,#REF!)) | F13: =IF(A13="","",D13-E13) | J13: =IF(H13="","",SUMIF($G$38:$G$998,$I13,$D$38:$D$998)) | K13: =IF(H13="","",I13-J13)
E14: =IF(B14="","",SUMIF($F$38:$F$998,B14,#REF!)) | F14: =IF(A14="","",D14-E14) | J14: =IF(H14="","",SUMIF($G$38:$G$998,$I14,$D$38:$D$998)) | K14: =IF(H14="","",I14-J14)
E15: =IF(B15="","",SUMIF($F$38:$F$998,B15,#REF!)) | F15: =IF(A15="","",D15-E15) | J15: =IF(H15="","",SUMIF($G$38:$G$998,$I15,$D$38:$D$998)) | K15: =IF(H15="","",I15-J15)
E16: =IF(B16="","",SUMIF($F$38:$F$998,B16,#REF!)) | F16: =IF(A16="","",D16-E16) | J16: =IF(H16="","",SUMIF($G$38:$G$998,$I16,$D$38:$D$998)) | K16: =IF(H16="","",I16-J16)
E17: =IF(B17="","",SUMIF($F$38:$F$998,B17,#REF!)) | F17: =IF(A17="","",D17-E17) | J17: =IF(H17="","",SUMIF($G$38:$G$998,$I17,$D$38:$D$998)) | K17: =IF(H17="","",I17-J17)
E18: =IF(B18="","",SUMIF($F$38:$F$998,B18,#REF!)) | F18: =IF(A18="","",D18-E18) | J18: =IF(H18="","",SUMIF($G$38:$G$998,$I18,$D$38:$D$998)) | K18: =IF(H18="","",I18-J18)
E19: =IF(B19="","",SUMIF($F$38:$F$998,B19,#REF!)) | F19: =IF(A19="","",D19-E19) | J19: =IF(H19="","",SUMIF($G$38:$G$998,$I19,$D$38:$D$998)) | K19: =IF(H19="","",I19-J19)
E20: =IF(B20="","",SUMIF($F$38:$F$998,B20,#REF!)) | F20: =IF(A20="","",D20-E20) | J20: =IF(H20="","",SUMIF($G$38:$G$998,$I20,$D$38:$D$998)) | K20: =IF(H20="","",I20-J20)
E21: =IF(B21="","",SUMIF($F$38:$F$998,B21,#REF!)) | F21: =IF(A21="","",D21-E21) | J21: =IF(H21="","",SUMIF($G$38:$G$998,$I21,$D$38:$D$998)) | K21: =IF(H21="","",I21-J21)
A22: TOTAL | D22: =SUM(D5:D21) -> 1500 | E22: =SUM(E5:E21) -> 1200 | F22: =IF(A22="","",D22-E22) -> 300 | H22: TOTAL | I22: =SUM(I5:I21) -> 800 | J22: =SUM(J5:J21) -> 450 | K22: =SUM(K5:K21) -> 350
